 Dungeon Crawl Stone Soup version 0.31.0-4-g52a2dc7128 (webtiles) character file.

Game seed: 918824284207113059

12981 BeingJoeMalik the Impaler (level 11, -6/78 HPs)
             Began as a Demonspawn Gladiator on Jan 22, 2024.
             Was a Priest of Hepliaklqana.
             Killed from afar by a hell knight (18 damage)
             ... with a bolt of fire
             ... in a volcano.
             The game lasted 00:28:20 (11012 turns).

BeingJoeMalik the Impaler (Demonspawn Gladiator)   Turns: 11012, Time: 00:28:21

Health: -6/78      AC: 19    Str: 15    XL:     11   Next: 69%
Magic:  0/20       EV: 11    Int:  9    God:    Hepliaklqana [***...]
Gold:   625        SH:  0    Dex: 16    Spells: 10/10 levels left

rFire   . . .        J - +2 spear (venom)
rCold   + . .        (no shield)
rNeg    + . .        o - +4 ring mail of Decag {rC+ rN+ Str-2}
rPois   .            c - +1 helmet
rElec   .            K - +0 cloak
rCorr   .            r - +0 pair of gloves
SInv    .            g - +0 pair of boots
Will    .....        f - amulet of faith
Stlth   +            j - +4 ring of protection
HPRegen 0.33/turn    m - ring of magical power
MPRegen 0.34/turn

%: guardian spirit, faith
@: mighty, spiked
A: reduced essence, claws 1, demonic guardian 1, magic shield, magic
regeneration, sharp scales 1
a: Renounce Religion, Recall Ancestor, Ancestor Identity, Transference


You were in a volcano.
You worshipped Hepliaklqana.
Hepliaklqana was most pleased with you.
You visited 3 branches of the dungeon, and saw 13 of its levels.
You also visited: Volcano.

You collected 625 gold pieces.

Inventory:

Hand Weapons
 a - a +1 trident
 n - a +1 scythe of venom
 J - a +2 spear of venom (weapon)
Missiles
 d - 5 throwing nets
 e - 7 javelins (quivered)
 I - 6 curare-tipped darts
Armour
 b - a +0 troll leather armour
 c - a +1 helmet (worn)
 g - a +0 pair of boots (worn)
 o - the +4 ring mail of Decag (worn) {rC+ rN+ Str-2}
   (You found it on level 2 of the Dungeon)

   Str-2:     It affects your strength (-2).
   rC+:       It protects you from cold.
   rN+:       It protects you from negative energy.
 p - a +0 buckler
 r - a +0 pair of gloves (worn)
 D - a +3 scale mail of poison resistance
 K - a +0 cloak (worn)
Jewellery
 f - an amulet of faith (around neck)
 h - a ring of see invisible
 j - a +4 ring of protection (left hand)
 m - a ring of magical power (right hand)
 t - a ring of protection from cold
 u - a ring of wizardry
 E - a ring of protection from cold
Wands
 i - a wand of charming (15)
 v - a wand of polymorph (7)
 B - a wand of mindburst (10)
 G - a wand of flame (9)
Scrolls
 k - a scroll of fear
 q - 2 scrolls of enchant weapon
 s - 7 scrolls of teleportation
 w - 4 scrolls of identify
 y - 5 scrolls of vulnerability
 A - 3 scrolls of blinking
 F - a scroll of revelation
Potions
 x - 3 potions of curing
 z - 3 potions of might
 C - a potion of mutation
Miscellaneous
 l - a lightning rod (4/4)


   Skills:
 + Level 8.9 Fighting
 + Level 15.4 Polearms
 - Level 1.7 Throwing
 + Level 0.5 Armour
 + Level 2.7 Dodging
 + Level 0.6 Stealth


You had 10 spell levels left.
You didn't know any spells.
Your spell library contained the following spells:

 Spells                   Type           Power      Damage    Failure   Level
 Foxfire                  Conj/Fire      0%         2x1d4     63%         1
 Kiss of Death            Conj/Necr      0%         2d5       63%         1
 Magic Dart               Conj           0%         1d3       63%         1
 Necrotise                Necr           0%         1d4       63%         1
 Shock                    Conj/Air       0%         1d3       63%         1
 Searing Ray              Conj           0%         2d4       77%         2
 Confusing Touch          Hex            0%         N/A       94%         3
 Dispel Undead            Necr           0%         3d6       100%        4
 Fulminant Prism          Conj/Alch      0%         3d5       100%        4
 Summon Forest            Summ/Tloc      0%         N/A       100%        5
 Summon Mana Viper        Hex/Summ       0%         N/A       100%        5
 Summon Cactus Giant      Summ           0%         N/A       100%        6


Dungeon Overview and Level Annotations

Branches:
Dungeon (11/15)            Temple (1/1) D:6            Lair (0/5) D:8
    Orc (1/2) D:9         Volcano (1/1)

Altars:
Ashenzari
Cheibriados
Dithmenos
Fedhas
Gozag
Hepliaklqana
Kikubaaqudgha
Makhleb
Nemelex Xobeh
Okawaru
Qazlal
Ru
Sif Muna
Trog
Uskayaw
Vehumet
Wu Jian
Xom
Yredelemnul

Annotations:
D:4 3 runed translucent doors, Vadun's ghost, amateur TrMo
D:5 2 transporters, redpenguiin's ghost, amateur TrBe


Innate Abilities, Weirdness & Mutations

Your life essence is reduced to manifest your ancestor. (-10% HP)
You have sharp fingernails.
A weak demonic guardian rushes to your aid.
When hurt, damage is shared between your health and your magic reserves.
You regenerate magic rapidly.
You are partially covered in razor-sharp scales. (AC +1, Slay +1)


Message History

The red devil hits you but does no damage.
Unknown command.
You closely miss the hell hound.
The hell hound is almost dead.
You kill the hell hound!
Unknown command.
Reach: J) +2 spear (venom)
Press: ? - help, Dir - move target, f - red devil
Aim: a red devil, wielding a +2 trident of flaming (ally target, about 33% to evade your +2 spear of venom)
You reach to attack!
You barely miss the red devil.
The red devil hits you from afar with a +2 trident of flaming!
* * * LOW HITPOINT WARNING * * *
Barbed spikes become lodged in your body.
The red devil burns you.
* * * LOW HITPOINT WARNING * * *
Unknown command.
Reach: J) +2 spear (venom)
Press: ? - help, Dir - move target, f/p - red devil
Aim: a red devil, wielding a +2 trident of flaming (ally target, about 33% to evade your +2 spear of venom)
You reach to attack!
You barely miss the red devil.
Unknown command.
Unknown command.
Okay, then.
Unknown command.
Reach: J) +2 spear (venom)
Press: ? - help, Dir - move target, f/p - red devil
Aim: a red devil, wielding a +2 trident of flaming (ally target, about 33% to evade your +2 spear of venom)
You reach to attack!
You puncture the red devil!
The red devil is moderately wounded.
The red devil hits you but does no damage.
Unknown command.
Reach: J) +2 spear (venom)
Press: ? - help, Dir - move target, f/p - red devil
Aim: a red devil, wielding a +2 trident of flaming (moderately wounded, ally target, about 33% to evade your +2 spear of venom)
You reach to attack!
You puncture the red devil!
The red devil is heavily wounded.
The hell knight mumbles some strange prayers to its god against you.
The bolt of fire hits the red devil.
The red devil completely resists.
The bolt of fire hits you!!
You die... ###....# ......# .....+ p...# ...# up#

#4# #'# #@#
##5## .
#8R8#
≈..##...#
§§≈......##
§§≈§.§....#
≈≈≈§§§....##
≈≈§§≈§≈≈...#
§≈≈≈≈§≈§§§§#


You could see the friendly Decima the hexer, a red ugly thing, a hell knight
(fast), a red devil (distracted, ally target) and a friendly shadow imp
(summoned).

Vanquished Creatures
  Harold (D:9)
  A centaur warrior (D:10)
  A two-headed ogre (D:10)
  Pikel (D:5)
  Joseph (D:8)
  Maggie (D:7)
  2 raiju (D:11)
  Sigmund (D:5)
  A shadow (D:11)
  A wyvern (D:8)
  17 yaks
  A wraith (D:9)
  A steam dragon (D:7)
  7 vampire mosquitoes
  A swamp worm (D:8)
  An acid dragon (D:8)
  3 water moccasins
  Duvessa (D:5)
  A hell hound (Volcano)
  A sky beast (D:6)
  3 orc warriors
  A black bear (D:4)
  An ogre (D:5)
  A centaur (D:11)
  2 phantoms
  2 kobold brigands (D:7)
  A bullfrog (D:6)
  A gnoll sergeant (D:10)
  3 scorpions
  Dowan (D:5)
  13 killer bees
  4 howler monkeys
  An electric eel (D:11)
  An orc priest (D:7)
  3 hounds
  3 jellies
  4 iguanas
  A gnoll bouda (D:5)
  A hexer (D:10)
  9 orc wizards
  2 sleepcaps
  6 gnolls
  9 adders
  A white imp (D:8)
  2 ufetubi (D:4)
  A ribbon worm (D:2)
  A dart slug (D:3)
  38 orcs
  6 endoplasms
  8 goblins
  8 hobgoblins
  17 kobolds
  6 quokkas
  9 ball pythons
  5 bats
  2 frilled lizards (D:1)
  6 rats
228 creatures vanquished.

Vanquished Creatures (collateral kills)
  A troll (D:11)
  3 hornets
  A shadow (D:10)
  3 yaks (D:10)
  A warg (Orc:1)
  2 water moccasins (D:8)
  An ogre (Orc:1)
  A centaur (D:8)
  A killer bee (D:9)
  2 electric eels (D:11)
  3 lava snakes (Volcano)
  2 orc wizards
  5 orcs
26 creatures vanquished.

Vanquished Creatures (others)
  4 hexers
  4 ancestors
8 creatures vanquished.

Grand Total: 262 creatures vanquished

Notes
Turn   | Place    | Note
-------+----------+-------------------------------------------
     0 | D:1      | BeingJoeMalik the Demonspawn Gladiator began the quest for
                  | the Orb.
     0 | D:1      | Reached XP level 1. HP: 16/16 MP: 1/1
    38 | D:1      | Reached skill level 3 in Polearms
    84 | D:1      | Gained mutation: You regenerate magic rapidly. [demonic
                  | ancestry]
    84 | D:1      | Reached XP level 2. HP: 22/22 MP: 2/2
   731 | D:2      | Gained mutation: You have sharp fingernails. [demonic
                  | ancestry]
   731 | D:2      | Reached XP level 3. HP: 27/27 MP: 3/3
   732 | D:2      | Identified the +4 ring mail of Decag {rC+ rN+ Str-2}
   844 | D:2      | Reached skill level 4 in Polearms
   993 | D:2      | You fall into a shaft and drop 2 floors!
  1108 | D:4      | Gained mutation: When hurt, damage is shared between your
                  | health and your magic reserves. [demonic ancestry]
  1108 | D:4      | Reached XP level 4. HP: 30/33 MP: 2/4
  1204 | D:3      | Reached skill level 5 in Polearms
  1431 | D:4      | Noticed a black bear
  1503 | D:3      | Found a broken altar of Ashenzari.
  1515 | D:3      | Found a basalt altar of Yredelemnul.
  1517 | D:3      | Found an ornate altar of the Wu Jian Council.
  1555 | D:3      | Reached XP level 5. HP: 38/38 MP: 5/5
  2485 | D:4      | Noticed Vadun's ghost (amateur TrMo)
  2485 | D:4      | Identified the +5 plate armour of the Vaults {rElec Str+6}
  2485 | D:4      | Noticed an orc warrior
  2486 | D:4      | Found a runed translucent gate.
  2487 | D:4      | Found a runed translucent gate.
  2487 | D:4      | Identified the +3 dagger of the Eternal Warrior {flame, Fly
                  | rF- Str+2}
  2487 | D:4      | Identified the +6 scale mail of Tunuzomn {Dex+3}
  2489 | D:4      | Found a runed translucent gate.
  2976 | D:4      | Killed a black bear
  2977 | D:4      | Reached skill level 6 in Polearms
  2977 | D:4      | Reached XP level 6. HP: 37/44 MP: 4/6
  2995 | D:5      | Entered Level 5 of the Dungeon
  3148 | D:5      | Noticed a small abomination
  3149 | D:5      | Noticed Sigmund
  3172 | D:5      | Killed Sigmund
  3173 | D:5      | Reached skill level 7 in Polearms
  3342 | D:5      | Found a transporter.
  3351 | D:5      | Found a transporter.
  3404 | D:5      | Noticed Duvessa
  3431 | D:5      | Noticed Dowan
  3433 | D:5      | Killed Duvessa
  3434 | D:5      | Gained mutation: You are partially covered in razor-sharp
                  | scales. (AC +1, Slay +1) [demonic ancestry]
  3434 | D:5      | Reached XP level 7. HP: 37/50 MP: 3/7
  3442 | D:5      | Killed Dowan
  3524 | D:5      | Reached skill level 8 in Polearms
  3538 | D:5      | Noticed Pikel
  3560 | D:5      | Killed Pikel
  3561 | D:5      | Reached skill level 9 in Polearms
  3561 | D:5      | Reached XP level 8. HP: 34/56 MP: 8/8
  3863 | D:5      | Noticed redpenguiin's ghost (amateur TrBe)
  4068 | D:5      | Reached skill level 10 in Polearms
  4802 | D:6      | Identified the +9 flail "Ikhax" {flame, *Rage Str-3 Dex+8
                  | SInv}
  5002 | D:6      | Found a staircase to the Ecumenical Temple.
  5025 | Temple   | Entered the Ecumenical Temple
  5035 | Temple   | Became a worshipper of Hepliaklqana the Forgotten
  5313 | D:6      | Reached XP level 9. HP: 58/63 MP: 9/9
  5384 | D:6      | Reached skill level 11 in Polearms
  5756 | D:7      | Noticed Maggie
  5776 | D:7      | Killed Maggie
  6436 | D:7      | Reached * piety under Hepliaklqana
  6522 | D:7      | Got Even Novices Can Use Gnosis!
  6787 | D:8      | Reached skill level 12 in Polearms
  6935 | D:8      | Reached skill level 5 in Fighting
  7060 | D:8      | Reached XP level 10. HP: 52/66 MP: 10/10
  7210 | D:8      | Noticed Joseph
  7234 | D:8      | Killed Joseph
  7423 | D:8      | Found a staircase to the Lair.
  7607 | D:9      | Noticed Harold
  7647 | D:8      | Reached skill level 13 in Polearms
  7721 | D:9      | Killed Harold
  7802 | D:9      | Paralysed by a hornet for 1 turns
  8350 | D:9      | Reached ** piety under Hepliaklqana
  8351 | D:9      | Remembered your ancestor Decima as a hexer
  8369 | D:9      | Found a staircase to the Orcish Mines.
  8482 | D:10     | Entered Level 10 of the Dungeon
  8499 | D:10     | Reached skill level 14 in Polearms
  8683 | D:10     | Gained mutation: A weak demonic guardian rushes to your
                  | aid. [demonic ancestry]
  8683 | D:10     | Reached XP level 11. HP: 73/75 MP: 11/11
  8756 | D:10     | Noticed a two-headed ogre
  8764 | D:10     | Killed a two-headed ogre
  9088 | D:10     | Noticed a centaur warrior
  9112 | D:10     | Killed a centaur warrior
  9515 | D:11     | Reached skill level 15 in Polearms
  9807 | D:11     | Reached *** piety under Hepliaklqana
 10797 | Orc:1    | Entered Level 1 of the Orcish Mines
 10912 | Orc:1    | Found a dark tunnel.
 10919 | Volcano  | Entered a volcano
 10999 | Volcano  | Noticed a hell knight
 11007 | Volcano  | Noticed a red ugly thing
 11012 | Volcano  | Killed from afar by a hell knight

Illustrated notes

Levels and vault maps discovered:
D:1:      minmay_arrival_stone_box, layout_loops_cross
D:2:      layout_basic, kennysheep_pointless_box,
          nicolae_concentric_dashed_squares_wild
D:3:      layout_loops_ring, nicolae_overflow_hidden_temple
D:4:      layout_loops_ring, biasface_ghost_orc_armoury
D:5:      layout_cave_pods, zin_treasury, gammafunk_ghost_abyssal_escape,
          uniq_duvessa, uniq_pikel, uniq_sigmund
D:6:      layout_basic, minmay_temple_entry_glassed_door
D:7:      layout_basic, uniq_maggie
D:8:      layout_rooms, lair_entry_dummy, worms_lemuel, uniq_joseph
D:9:      layout_basic, orc_0_dummy, amethyst_killhole, uniq_harold
D:10:     layout_rooms
D:11:     layout_roguey, nicolae_have_a_lightning_rod
Temple:   mainiacjoe_temple_bowtie_tessellation
Orc:1:    orc_temple, layout_caves, enter_volcano_2
Volcano:  volcano_grotto [vgs_statue_spotlight]

Skill      XL: |  1  2  3  4  5  6  7  8  9 10 11 |
---------------+----------------------------------+-----
Polearms       | 3 4 5 6 7 9 10 12 14 15 | 15.4
Fighting       | 3 5 7 8 |  8.9
Throwing       | |  1.7
Armour         | |  0.5
Dodging        | |  2.7
Stealth        | |  0.6

Action                     |  1- 3 |  4- 6 |  7- 9 | 10-12 || total
---------------------------+-------+-------+-------+-------++-------
  Melee: Trident           |   110 |   155 |       |       ||   265
         Punch             |     1 |     1 |       |     1 ||     3
         Halberd           |       |    14 |   319 |   171 ||   504
         Spear             |       |       |       |   244 ||   244
  Throw: Throwing net      |       |     1 |       |       ||     1
         Javelin           |       |       |     3 |     8 ||    11
 Invoke: Recall Ancestor   |       |       |       |     1 ||     1
         Ancestor Life: He |       |       |       |     1 ||     1
    Use: Potion            |     2 |     1 |     2 |     2 ||     7
         Scroll            |       |    10 |     6 |     3 ||    19
   Stab: Sleeping          |     1 |       |       |       ||     1
         Distracted        |     1 |       |     1 |     8 ||    10
         Confused          |       |       |       |     5 ||     5
 Armour: Leather armour    |    25 |       |       |       ||    25
         Ring mail         |    45 |    98 |   177 |   204 ||   524
  Dodge: Dodged            |    76 |    82 |   125 |   115 ||   398
